Map: Catalyst LE

Players

Juxtapose - Winner!

  • Race: Protoss Protoss
  • League: Platinum
  • Spawn Location: 11:00

A.I. 1 (Elite)

  • Race: Terran Terran
  • Spawn Location: 5:00

VOD

https://youtu.be/jwG0AV9kDaI

Description

Despite being against the AI, this was a really fun match. Any match I get to break out the High Templar, I really enjoy.

Wasn't expecting that Banshee harass either, despite knowing the AI is capable of such things.

Time

  • Played on: Feb. 13, 2018, 8:34 p.m.
  • Length: 11:53
Show
View Real Time Build Order
Export as new Build Order

Juxtapose Protoss - Winner!

Build Orders: Oracle Opening 

Get SALT Encoding   

  12  0:01  Probe  
  13  0:13  Probe  
  14  0:22  Pylon  
  14  0:25  Probe  
  15  0:40  Probe  
  15  0:42  Gateway  
  16  0:52  Probe  
  16  0:55  Assimilator  
  17  1:02  Pylon  
  17  1:04  Probe  
  18  1:16  Probe  
  19  1:28  Probe  
  19  1:30  Cybernetics Core  
  20  1:38  Assimilator  
  20  1:40  Zealot  
  20  1:41  Probe  
  23  1:53  Probe  
  24  2:05  Probe  
  25  2:11  Stargate  
  25  2:17  Probe  
  25  2:19  Warp Gate  
  26  2:34  Nexus  
  26  2:40  Probe  
  27  2:52  Probe  
  27  2:54  Oracle (Chrono Boost)  
  27  2:55  Pylon  
  31  3:13  Probe  
  31  3:18  Pylon  
  32  3:25  Probe, Gateway  
  33  3:39  Adept  
  33  3:41  Probe  
  36  3:47  Probe  
  37  3:53  Probe  
  38  3:58  Pylon  
  38  4:00  Probe  
  39  4:06  Adept, Forge  
  41  4:40  Photon Cannon  
  41  4:45  Probe x2  
  43  4:46  Pylon  
  43  4:48  Stalker x2  
  47  4:57  Probe x2  
  47  4:58  Robotics Facility  
  49  5:00  Pylon  
  49  5:04  Twilight Council  
  49  5:09  Gateway  
  49  5:11  Gateway  
  49  5:17  Probe x2  
  51  5:27  Photon Cannon  
  51  5:29  Probe x2  
  51  5:33  Stalker x2  
  53  5:41  Probe  
  53  5:49  Observer (Chrono Boost)  
  53  5:53  Probe  
  53  5:54  Probe  
  51  6:00  Protoss Ground Weapons Level 1 (Chrono Boost)  
  51  6:06  Probe x2  
  51  6:09  Assimilator  
  53  6:12  Assimilator  
  53  6:15  Stalker  
  53  6:18  Probe x2  
  57  6:30  Probe x2  
  59  6:33  Stalker  
  59  6:34  Stalker x2  
  65  6:42  Probe (Chrono Boost)  
  65  6:43  Probe (Chrono Boost)  
  67  6:49  Immortal  
  67  6:52  Probe x2 (Chrono Boost)  
  73  6:57  Probe x2 (Chrono Boost), Assimilator  
  75  7:02  Pylon  
  75  7:17  Stalker  
  75  7:18  Stalker  
  79  7:36  Immortal  
  83  7:51  Phoenix  
  85  8:02  Assimilator  
  85  8:14  Nexus  
  85  8:15  Immortal, Templar Archives  
  88  8:23  Shield Battery  
  88  8:24  Shield Battery  
  88  8:42  Pylon  
  88  8:46  Pylon  
  86  8:49  Pylon  
  86  8:52  Adept  
  86  8:53  Adept x2  
  86  8:54  Adept  
  87  8:59  Psionic Storm  
  83  9:11  Protoss Ground Armor Level 1 (Chrono Boost)  
  83  9:12  Charge (Chrono Boost)  
  83  9:26  Probe  
  83  9:27  Probe x2  
  86  9:34  Zealot x4  
  94  9:39  Probe x3  
  97  10:00  Immortal  
  97  10:01  Probe x3  
  97  10:05  High Templar x2  
  97  10:06  High Templar x2  
  96  10:24  Gateway  
  96  10:27  Gateway  
  96  10:28  Gateway  
  91  11:01  Stalker  
  91  11:02  Stalker  
  91  11:03  Adept x2  
  99  11:06  Assimilator  
  99  11:09  Photon Cannon  
  99  11:10  Assimilator  
Show
View Real Time Build Order
Export as new Build Order

A.I. 1 (Elite) Terran 

Build Orders: 1/1/1, MMM Bio, Banshee Rush 

Get SALT Encoding   

  12  0:00  SCV  
  13  0:13  SCV  
  14  0:18  Supply Depot  
  14  0:25  SCV  
  15  0:30  Refinery  
  15  0:40  SCV  
  16  0:47  Barracks  
  16  0:52  SCV  
  16  0:55  Refinery  
  17  1:04  SCV  
  18  1:16  SCV  
  19  1:35  Orbital Command  
  19  1:38  Factory  
  19  1:40  Marine  
  20  1:58  Marine  
  20  2:00  Supply Depot  
  20  2:01  SCV  
  22  2:24  Starport  
  22  2:26  SCV, Starport  
  23  2:38  SCV  
  23  2:43  Supply Depot  
  24  2:50  SCV  
  25  3:02  Starport Tech Lab  
  25  3:03  Starport Tech Lab  
  25  3:17  SCV  
  25  3:19  Cloaking Field  
  26  3:20  Marine  
  26  3:21  Banshee  
  26  3:22  Banshee  
  26  3:26  Supply Depot  
  33  3:29  SCV  
  34  3:38  Marine  
  35  3:41  SCV  
  36  3:54  SCV  
  37  3:56  Marine  
  38  4:03  Banshee  
  38  4:04  Barracks  
  38  4:05  Factory Tech Lab, Banshee  
  41  4:27  Command Center  
  41  4:34  Supply Depot  
  41  4:37  Marine  
  42  4:50  Marine  
  43  4:55  SCV, Barracks Tech Lab  
  44  5:08  SCV, Marine  
  44  5:12  Supply Depot  
  44  5:13  Marine  
  47  5:14  Stimpack  
  47  5:24  Barracks  
  47  5:26  Marine  
  48  5:32  Marauder  
  50  5:39  SCV  
  50  5:41  SCV  
  52  5:44  Barracks Tech Lab  
  52  5:51  SCV  
  52  5:53  SCV, Marauder  
  56  6:02  Marine  
  56  6:03  SCV  
  58  6:05  SCV  
  59  6:14  Marine  
  59  6:15  Combat Shields, SCV  
  61  6:18  SCV  
  61  6:21  Marauder  
  64  6:27  SCV  
  64  6:29  Engineering Bay  
  67  6:32  Marauder  
  67  6:36  SCV  
  68  6:40  SCV  
  68  6:41  Supply Depot  
  68  6:42  Marauder  
  71  6:48  SCV  
  71  6:52  SCV  
  71  6:54  Marauder  
  75  6:57  Terran Infantry Weapons Level 1  
  75  7:01  SCV  
  76  7:03  Marauder  
  76  7:04  SCV  
  76  7:05  Supply Depot  
  78  7:13  SCV  
  78  7:15  Marauder  
  80  7:16  SCV  
  80  7:17  Concussive Shells  
  77  7:25  SCV, Marauder  
  77  7:29  SCV, Supply Depot  
  80  7:30  Command Center  
  80  7:37  SCV, Marauder  
  83  7:46  Marauder  
  83  7:47  SCV  
  83  7:49  SCV  
  87  7:59  SCV, Marauder  
  87  8:02  SCV  
  85  8:07  Marauder  
  85  8:11  SCV  
  88  8:16  SCV, Supply Depot  
  89  8:20  Marauder  
  89  8:23  SCV  
  92  8:29  Marauder  
  92  8:30  Engineering Bay, Barracks Reactor  
  94  8:35  Medivac  
  94  8:40  Supply Depot  
  96  8:41  Marauder  
  96  8:42  Medivac  
  96  8:44  SCV  
  96  8:46  SCV  
  96  8:48  SCV  
  94  8:50  Marine  
  94  8:51  Terran Infantry Armor Level 1  
  74  8:56  SCV  
  74  8:58  SCV  
  74  9:00  SCV  
  69  9:03  Marauder  
  69  9:06  Marine x2  
  69  9:07  Marine  
  69  9:08  SCV  
  75  9:10  SCV  
  75  9:12  SCV  
  77  9:20  SCV  
  77  9:22  SCV  
  77  9:23  Marine  
  77  9:24  SCV, Marine x2  
  82  9:26  Marauder  
  85  9:32  SCV  
  85  9:34  SCV  
  85  9:36  SCV  
  85  9:37  Missile Turret  
  88  9:41  Marine  
  88  9:42  Missile Turret, Marauder, Marine  
  88  9:44  SCV, Raven  
  95  9:47  Orbital Command, Marine  
  91  9:56  SCV  
  91  9:59  Marine x2  
  82  10:03  Marine  
  82  10:05  Marauder  
  83  10:08  SCV  
  83  10:13  SCV  
  79  10:17  Marine x2  
  79  10:20  SCV  
  62  10:21  Marauder  
  62  10:25  SCV  
  62  10:26  Marauder  
  59  10:32  SCV, Command Center  
  59  10:35  Marine x2  
  62  10:42  Marine  
  62  10:45  SCV  
  62  10:48  Marauder  
  58  10:52  Marine  
  58  10:53  Marine  
  57  10:57  SCV  
  57  11:00  Marauder  
  46  11:09  SCV, Marauder  
  46  11:10  Marine  
  44  11:12  Marine  
  43  11:21  Marine  
  43  11:22  SCV  
  42  11:28  Marine  
  42  11:29  Marine  
  42  11:30  Marine  
  42  11:34  SCV  
Tags
 
Composition
MMM Bio
League
Platinum
Matchup
PvT
Spawn Locations
Cross Positions
Strategy
Banshee Rush
Add a new tag
Caveats
  • Supply blocks, unpowered buildings, or Contaminate may cause inaccurate times.
  • Supply counts are checked every 10 seconds.